 Dungeon Crawl Stone Soup version 0.31-a0-664-g902f515a81 (webtiles) character file.

Game seed: 18336723960805462421

62 randomguy2701 the Trooper (level 4, -1/41 HPs)
             Began as a Hill Orc Fighter on Sept 2, 2023.
             Slain by a gnoll
             ... wielding a +0 spear
              (2 damage)
             ... on level 2 of the Dungeon.
             The game lasted 00:00:59 (1238 turns).

randomguy2701 the Trooper (Hill Orc Fighter)        Turns: 1238, Time: 00:00:59

Health: -1/41      AC:  7    Str: 18    XL:     4   Next: 8%
Magic:  4/4        EV:  9    Int:  8    God:
Gold:   63         SH:  4    Dex: 12    Spells: 3/3 levels left

rFire   . . .        a - +0 war axe
rCold   . . .        c - +0 buckler
rNeg    . . .        b - +0 scale mail
rPois   .            (no helmet)
rElec   .            (no cloak)
rCorr   .            (no gloves)
SInv    .            (no boots)
Will    .....        (no amulet) Stlth
                     (no ring)
HPRegen 0.26/turn    (no ring)
MPRegen 0.09/turn

%: no passive effects
@: no status effects
A: no striking features
a: no special abilities


You were on level 2 of the Dungeon.
You visited 1 branch of the dungeon, and saw 2 of its levels.

You collected 63 gold pieces.

Inventory:

Hand Weapons
 a - a +0 war axe (weapon)
Armour
 b - a +0 scale mail (worn)
 c - a +0 buckler (worn)
Scrolls
 g - a scroll of vulnerability {unknown}
 h - a scroll of poison {unknown}
 i - a scroll of enchant weapon {unknown}
 l - a scroll of amnesia {unknown}
 m - a scroll of revelation {unknown}
Potions
 d - a potion of might
 e - a potion of ambrosia {unknown}
 f - 2 potions of brilliance {unknown}
 j - a potion of curing {unknown}
 k - a potion of berserk rage {unknown}


   Skills:
 + Level 4.5 Fighting
 + Level 3.6 Axes
 + Level 3.8 Armour
 + Level 0.1 Stealth
 + Level 3.6 Shields


You had 3 spell levels left.
You didn't know any spells.
Your spell library was empty.

Dungeon Overview and Level Annotations

Branches:
Dungeon (2/15)

Altars:


Message History

The gnoll hits you with a +0 whip! The adder attacks as it pursues you!
The adder bites you but does no damage. The adder attacks as it pursues you!
The adder barely misses you. The adder attacks as it pursues you!
The adder bites you but does no damage. The adder barely misses you.
You closely miss the adder. The adder barely misses you.
The adder bites you but does no damage.
You miss the adder. The adder bites you but does no damage.
The gnoll hits you but does no damage. You block the gnoll's attack.
The adder bites you.
You hit the adder but do no damage. The adder closely misses you.
The gnoll hits you from afar with a +0 spear.
You hit the adder.
The adder is moderately wounded.
The adder bites you.
The gnoll hits you from afar with a +0 spear.
You block the adder's attack.
You barely miss the adder.
The adder is moderately wounded.
The adder bites you.
The gnoll hits you from afar with a +0 spear.
* * * LOW HITPOINT WARNING * * *
The adder bites you but does no damage.
The gnoll hits you from afar with a +0 spear.
* * * LOW HITPOINT WARNING * * *
You miss the adder.
The adder is moderately wounded.
You block the adder's attack. The gnoll barely misses you. The adder bites you.
* * * LOW HITPOINT WARNING * * *
You hit the adder.
The adder is moderately wounded.
The adder bites you but does no damage.
The gnoll hits you from afar with a +0 spear.
* * * LOW HITPOINT WARNING * * *
You miss the adder.
The adder is moderately wounded.
The adder bites you but does no damage. The gnoll closely misses you.
The adder closely misses you.
The gnoll hits you from afar with a +0 spear.
You die...

#.....(# ##.#
#...#. #......#
#..# '...' #..#
#..g# #..# #...#
#..#### ####...#
#.....# #..#...#
#.....# #..g...+
##.#..#######...#
#.#..@Sgggg...##
#.###########.#
#.. .# ### .# .#
.# ##


You could see 4 gnolls and an adder.

Vanquished Creatures
  A gnoll (D:1)
  A worm (D:2)
  A dart slug (D:1)
  5 ball pythons
  5 bats
  3 endoplasms
  3 goblins (D:1)
  3 hobgoblins
  7 jackals
  3 kobolds
  2 quokkas
  3 frilled lizards
  3 rats
40 creatures vanquished.

Notes
Turn   | Place    | Note
-------+----------+-------------------------------------------
     0 | D:1      | randomguy2701 the Hill Orc Fighter began the quest for the
                  | Orb.
     0 | D:1      | Reached XP level 1. HP: 19/19 MP: 1/1
   131 | D:1      | Reached XP level 2. HP: 22/27 MP: 2/2
   318 | D:1      | Reached skill level 4 in Fighting
   318 | D:1      | Reached XP level 3. HP: 10/34 MP: 3/3
  1112 | D:2      | Reached XP level 4. HP: 35/41 MP: 4/4
  1237 | D:2      | HP: 1/41 [gnoll/+0 spear (3)]
  1238 | D:2      | Slain by a gnoll

Illustrated notes

Levels and vault maps discovered:
D:1:      dpeg_arrival_boxes_within_box, layout_basic, nrook_mini_backslash,
          hangedman_glass_teeth, grunt_decor_resistance
D:2:      minmay_roachtagon, layout_basic, minmay_snake_closets

Skill      XL: |  1  2 |
---------------+-------+-----
Axes           | 3 |  3.6
Fighting       | 4 |  4.5
Armour         | |  3.8
Stealth        | |  0.1
Shields        | |  3.6

Action                     |  1- 3 |  4- 6 || total
---------------------------+-------+-------++-------
  Melee: War axe           |    97 |    21 ||   118
 Armour: Scale mail        |    80 |    33 ||   113
  Dodge: Dodged            |    44 |    13 ||    57
  Block: Buckler           |    17 |     5 ||    22

Table legend: (Time is in decaauts)
 A = Elapsed time spent in this place.
 B = Non-inter-level travel time spent in this place.
 C = Inter-level travel time spent in this place.
 D = Time resting spent in this place.
 E = Time spent auto-exploring this place.
 F = Levels seen in this place.
 G = Mean time per level.
                   A        B        C        D        E       F      G
               +--------+--------+--------+--------+--------+-----+--------+
         Total |   1281 |   1264 |     17 |      0 |    998 |   2 |  640.5 |
       Dungeon |   1281 |   1264 |     17 |      0 |    998 |   2 |  640.5 |
               +--------+--------+--------+--------+--------+-----+--------+

Top non-repeatable levels by time:
     D:1: 887 daAuts
     D:2: 393 daAuts
